 Dungeon Crawl Stone Soup version 0.18.1-48-g4cf74bf (webtiles) character file.

932 Heedrag the Covert (level 8, -5/44 HPs)
             Began as a Kobold Assassin on Aug 5, 2016.
             Was a Priest of Nemelex Xobeh.
             Slain by a white very ugly thing (18 damage)
             ... summoned by the player character
             ... on level 5 of the Dungeon.
             The game lasted 00:20:04 (4430 turns).

Heedrag the Covert (Kobold Assassin)                Turns: 4430, Time: 00:20:04

Health: -5/44      AC:  6    Str: 12    XL:     8   Next: 33%
Magic:  13/13      EV: 14    Int:  9    God:    Nemelex Xobeh [***...]
Gold:   252        SH:  0    Dex: 17    Spells: 0 memorised, 7 levels left

rFire  . . .     SeeInvis .     a - +2 dagger
rCold  . . .     Gourm    .     c - +0 robe
rNeg   . . .     Faith    .     (shield restricted)
rPois  .         Spirit   .     (no helmet)
rElec  .         Dismiss  .     d - +0 cloak
rCorr  .         Reflect  .     (no gloves)
SustAt .         Harm     .     (no boots)
MR     .....                    (no amulet)
Stlth  +++++.....               (no ring)
                                k - +3 ring of protection

@: not resistant to hostile enchantments, quite stealthy
A: carnivore 3
a: Triple Draw, Renounce Religion


You were on level 5 of the Dungeon.
You worshipped Nemelex Xobeh.
Nemelex Xobeh was most pleased with you.
You were very full.

You visited 2 branches of the dungeon, and saw 6 of its levels.

You collected 252 gold pieces.

Inventory:

Hand Weapons
 a - a +2 dagger (weapon)
 b - a +0 blowgun
Missiles
 e - 4 poisoned needles
 f - 14 curare-tipped needles
Armour
 c - a +0 robe (worn)
 d - a +0 cloak (worn)
Jewellery
 k - a +3 ring of protection (left hand)
Wands
 y - a wand of enslavement (7/24)
Scrolls
 j - 9 scrolls of identify {unknown}
 q - a scroll of noise {unknown}
 r - a scroll of teleportation {unknown}
 s - 3 scrolls of remove curse {unknown}
 t - a scroll of magic mapping {unknown}
 w - a scroll of enchant armour {unknown}
 x - a scroll of enchant weapon {unknown}
Potions
 h - 3 potions of berserk rage {unknown}
 i - a potion of flight {unknown}
 l - a potion of ambrosia {unknown}
 m - 2 potions of curing {unknown}
 n - a potion of mutation {unknown}
 p - a potion of lignification {unknown}
Miscellaneous
 u - a legendary deck of war {drawn: 4}
Comestibles
 g - 2 meat rations
 o - 4 fruits
 v - a royal jelly


   Skills:
 - Level 2.1 Fighting
 - Level 2.6 Short Blades
 + Level 4.6 Throwing
 - Level 1.2 Dodging
 + Level 9.8 Stealth
 + Level 6.6 Evocations


You had 7 spell levels left.
You didn't know any spells.

Dungeon Overview and Level Annotations

Branches:
Dungeon (5/15)             Temple (1/1) D:4

Altars:
Ashenzari
Dithmenos
Fedhas
Gozag
Kikubaaqudgha
Makhleb
Nemelex Xobeh
Okawaru
Pakellas
Qazlal
Ru
Sif Muna
Xom
Yredelemnul
Zin
The Shining One


Innate Abilities, Weirdness & Mutations

You are small and have problems with some larger weapons.
You are carnivorous and can eat meat at any time.


Message History

Tha helpless hound zombie fails ta defend itself.
Ye stick tha hound zombie like a pincushion!!!
Ye destroy tha hound zombie!
Nay target in view!
Nay target in view!
Magic restored.
Thar be an op'n door 'ere.
Ye op'n tha door.
Thar be an op'n door 'ere.
Tha iron imp be too close now fer yer likin'.
Evoke which item? (* ta show all) (? fer menu, 'sc ta quit) Ye draw a card...
It be Repulsiveness.
Tha iron imp throws a tomahawk.
Tha tomahawk barely misses ye.
Tha white very ugly thin' trunk-slaps ye!
Tha white very ugly thin' freezes ye!!
Ouch! Tha re'lly hurt!
* * * LOW HITPOINT WARNIN'
* * * Tha white very ugly thin' trunk-slaps ye!!
Ye die...
Yer body disappears without a glow.

## ####.......#.#
###.#### #...#.##.##.
......####........##.
.#......##...#.##.##.
#..........####.....#
..#..#.##.# ##...##
##..#.##.# #...#
#.###.#...##.# #...#
#....(@u####.# #...#
...####u##
#.#####...##
#...........>.....
..................
.#.................
#...###5#######...##
# #.. .# #...# ##. #
#...# ##. #...#


You could see a white very ugly thing, an iron imp and a friendly purple ugly
thing.

Vanquished Creatures
  2 phantoms
  An ogre (D:4)
  A howler monkey (D:3)
  A hound (D:4)
  2 orc priests
  2 worker ants
  A hound zombie (D:5)
  A gnoll (D:1)
  5 adders
  A shadow imp (D:5)
  2 adder skeletons
  4 worms
  2 dart slugs
  6 giant geckos
  12 orcs
  4 giant cockroaches
  3 goblins
  9 hobgoblins
  5 jackals
  5 kobolds
  2 quokkas
  A ball python (D:2)
  8 bats
  3 giant newts (D:2)
  3 rats
86 creatures vanquished.

Vanquished Creatures (collateral kills)
  The ghost of barakagiga the Chopper, an amateur MiGl (D:4)
  A wolf (D:4)
  A scorpion (D:4)
  3 orc wizards (D:5)
  An orc (D:5)
  A goblin (D:2)
  A hobgoblin (D:2)
  A giant newt (D:4)
10 creatures vanquished.

Vanquished Creatures (others)
  A worker ant (D:5)
  A quokka (D:5)
2 creatures vanquished.

Grand Total: 98 creatures vanquished

Notes
Turn   | Place    | Note
--------------------------------------------------------------
     0 | D:1      | Heedrag the Kobold Assassin began the quest for the Orb.
     0 | D:1      | Reached XP level 1. HP: 12/12 MP: 1/1
   130 | D:1      | Reached XP level 2. HP: 12/17 MP: 2/2
   566 | D:1      | Reached XP level 3. HP: 21/21 MP: 3/3
  1280 | D:2      | Found a sparkling altar of Nemelex Xobeh.
  1287 | D:2      | Became a worshipper of Nemelex Xobeh the Trickster
  1341 | D:2      | Received a gift from Nemelex Xobeh
  1389 | D:2      | Reached XP level 4. HP: 26/26 MP: 4/4
  1403 | D:2      | Found a sparkling altar of Nemelex Xobeh.
  1404 | D:2      | Found an iron altar of Okawaru.
  1606 | D:2      | Reached skill level 1 in Evocations
  1699 | D:2      | Found a shattered altar of Ashenzari.
  1794 | D:2      | Reached * piety under Nemelex Xobeh
  1983 | D:3      | Received a gift from Nemelex Xobeh
  2146 | D:3      | Reached skill level 6 in Stealth
  2268 | D:3      | Received a gift from Nemelex Xobeh
  2335 | D:3      | Reached XP level 5. HP: 30/30 MP: 5/7
  2381 | D:3      | Found a glowing golden altar of the Shining One.
  2383 | D:3      | Reached ** piety under Nemelex Xobeh
  2950 | D:4      | Received a gift from Nemelex Xobeh
  2968 | D:4      | Reached skill level 7 in Stealth
  2968 | D:4      | Reached XP level 6. HP: 35/35 MP: 8/8
  3000 | D:4      | Found a shimmering altar of Xom.
  3022 | D:4      | Noticed a wolf
  3022 | D:4      | a giant gecko changed into a wolf
  3028 | D:4      | Killed a wolf
  3172 | D:4      | Noticed a phantom
  3182 | D:4      | Killed a phantom
  3226 | D:4      | Found a glowing silver altar of Zin.
  3292 | D:4      | Noticed barakagiga's ghost (amateur MiGl)
  3299 | D:4      | Killed barakagiga's ghost
  3299 | D:4      | Reached skill level 8 in Stealth
  3299 | D:4      | Reached skill level 5 in Evocations
  3299 | D:4      | Reached XP level 7. HP: 40/40 MP: 9/11
  3468 | D:4      | Reached skill level 9 in Stealth
  3747 | D:4      | Found a staircase to the Ecumenical Temple.
  3754 | Temple   | Entered the Ecumenical Temple
  3818 | D:4      | Reached XP level 8. HP: 41/44 MP: 12/12
  3899 | D:4      | Reached *** piety under Nemelex Xobeh
  3986 | D:5      | Entered Level 5 of the Dungeon
  4119 | D:5      | Received a gift from Nemelex Xobeh
  4193 | D:5      | Found a basalt altar of Yredelemnul.
  4343 | D:5      | Found an ancient bone altar of Kikubaaqudgha.
  4428 | D:5      | Noticed a white very ugly thing
  4430 | D:5      | Slain by a white very ugly thing

Skill      XL: |  1  2  3  4  5  6  7 |
---------------+----------------------+-----
Throwing       | 3 4 |  4.6
Evocations     | 2 3 5 6 |  6.6
Stealth        | 6 7 8 9 |  9.8
Fighting       | |  2.1
Short Blades   | |  2.6
Dodging        | |  1.2

Action                   |  1- 3 |  4- 6 |  7- 9 || total
-------------------------+-------+-------+-------++-------
Melee: Dagger            |    27 |    67 |    29 ||   123
 Fire: Blowgun           |    44 |    13 |    46 ||   103
Evoke: Deck              |     4 |    32 |    15 ||    51
 Stab: Sleeping          |       |    14 |     2 ||    16
  Eat: Chunk             |    10 |     6 |     2 ||    18
Armor: Robe              |    11 |    13 |    16 ||    40
Dodge: Dodged            |    31 |    48 |    50 ||   129
